 Dungeon Crawl Stone Soup version 0.31-a0-851-g7ff8af7976 (webtiles) character file.

Game seed: 14075484045503823253

13334 IdlyInterested the Grappler (level 11, -1/86 HPs)
             Began as a Demonspawn Wanderer on Oct 6, 2023.
             Was a Priest of Trog.
             Slain by a harpy skeleton (3 damage)
             ... on level 2 of the Abyss.
             The game lasted 00:42:07 (11800 turns).

IdlyInterested the Grappler (Demonspawn Wanderer)  Turns: 11800, Time: 00:42:08

Health: -1/86      AC: 24    Str: 20    XL:     11   Next: 74%
Magic:  14/14      EV:  5    Int: 19    God:    Trog [***...]
Gold:   389        SH: 13    Dex: 10    Spells: 14/14 levels left

rFire   . .          .
                       - Unarmed
rCold   . . .        n - +0 kite shield
rNeg    . . .        h - +4 plate armour
rPois   +            (helmet currently unavailable)
rElec   .            (cloak currently unavailable)
rCorr   .            (gloves currently unavailable)
SInv    .            (boots currently unavailable)
Will    .....        t - amulet of reflection Stlth
                     K - ring of poison resistance
HPRegen 0.00/turn    N - +6 ring of strength
MPRegen 0.14/turn

%: reflection
@: beast-form, sanguine armoured, sick, studying Throwing
A: beast (slay +4), claws 1, demonic guardian 2, spiny 2, sanguine armour 2
a: Begin Untransformation, Renounce Religion, Berserk, Trog's Hand


You were on level 2 of the Abyss.
You worshipped Trog.
Trog was most pleased with you.
You were a hulking beast.
You visited 2 branches of the dungeon, and saw 12 of its levels.
You visited the Abyss 1 time.
You also visited: Gauntlet.

You collected 665 gold pieces.
You spent 276 gold pieces at shops.

Inventory:

Hand Weapons
 d - a +0 trident
 x - a +1 spear of venom
 I - a +1 antimagic dagger
 J - a +0 scimitar of flaming
Missiles
 g - 46 stones (quivered)
 o - 5 javelins
 u - a throwing net
 A - 33 poisoned darts
 C - 4 atropa-tipped darts
 H - 12 curare-tipped darts
 M - 2 boomerangs
Armour
 h - a +4 plate armour (worn)
 m - a +2 ring mail of fire resistance
 n - a +0 kite shield (worn)
 s - a +0 cloak
 E - a +0 cloak of poison resistance
Jewellery
 c - an amulet of magic regeneration
 i - an amulet of faith
 t - an amulet of reflection (around neck)
 y - an amulet of regeneration
 K - a ring of poison resistance (left claw)
 N - a +6 ring of strength (right claw)
Talismans
 l - a beast talisman (active)
Wands
 e - a wand of flame (49)
 p - a wand of paralysis (26)
 q - a wand of iceblast (5)
 r - a wand of mindburst (9)
Scrolls
 k - 5 scrolls of identify
 v - 3 scrolls of enchant weapon
 w - 2 scrolls of teleportation
 F - a scroll of vulnerability
 G - 2 scrolls of immolation
 L - a scroll of fear
Potions
 a - 4 potions of curing
 b - 2 potions of haste
 f - a potion of attraction
 j - 3 potions of cancellation
 z - 2 potions of resistance
 B - a potion of invisibility


   Skills:
 - Level 8.0 Fighting
 - Level 3.0 Throwing
 - Level 3.0 Armour
 - Level 3.0 Dodging
 - Level 3.0 Stealth
 - Level 3.0 Shields
 * Level 11.6 Unarmed Combat
 - Level 2.0 Spellcasting
 - Level 2.0 Summonings
 - Level 2.6 Air Magic
 - Level 3.0 Evocations
 + Level 7.1 Shapeshifting


You had 14 spell levels left.
You didn't know any spells.
Your spell library contained the following spells:

 Spells                   Type           Power      Damage    Failure   Level
 Summon Small Mammal      Summ           36%        N/A       99%         1
 Apportation              Tloc           2%         N/A       100%        1
 Necrotise                Necr           4%         1d4       100%        1
 Shock                    Conj/Air       28%        1d4       100%        1
 Lesser Beckoning         Tloc           2%         N/A       100%        2
 Poisonous Vapours        Pois/Air       14%        N/A       100%        2
 Static Discharge         Conj/Air       14%        2-3/arc   100%        2
 Gell's Gravitas          Tloc           1%         N/A       100%        3
 Mephitic Cloud           Conj/Pois/Air  5%         N/A       100%        3
 Summon Guardian Golem    Hex/Summ       5%         N/A       100%        3
 Teleport Other           Tloc           1%         N/A       100%        3
 Airstrike                Air            6%         2d(1-17)  100%        4
 Animate Dead             Necr           1%         N/A       100%        4
 Freezing Cloud           Conj/Ice/Air   2%         6-21      100%        5
 Haunt                    Necr/Summ      2%         N/A       100%        7
 Infestation              Necr           0%         N/A       100%        8


Dungeon Overview and Level Annotations

Branches:
Dungeon (13/15)            Temple (1/1) D:5             Orc (0/2) D:9
 Vaults (0/5) D:13        Gauntlet (visited)
   Lair: D:8-11

Altars:
Cheibriados
Dithmenos
Fedhas
Gozag
Hepliaklqana
Kikubaaqudgha
Makhleb
Nemelex Xobeh
Okawaru
Qazlal
Ru
Sif Muna
Trog
Uskayaw
Vehumet
Wu Jian
Xom
Yredelemnul

Shops:
D:5 *   D:6 [   D:8 [   D:9 (

Annotations:
Gauntlet 9 transporters, exclusion: 2 lightning spires


Innate Abilities, Weirdness & Mutations

You are a hulking beast.
Your limbs bulge with bestial killing power. (Slay +4)
You have sharp fingernails.
A demonic guardian rushes to your aid.
You are mostly covered in sharp spines.
When seriously injured, your blood forms thick armour. (AC +9)


Message History

You claw the starcursed mass!
You destroy the starcursed mass!
Trog accepts your kill.
Your orange demon disappears in a puff of smoke!
You see here a raiju corpse.
A small abomination comes into view.
You scratch the small abomination but do no damage.
You block the small abomination's attack.
You mangle the small abomination!!
The small abomination is severely damaged.
Your orange demon disappears in a puff of smoke!
The small abomination is struck by your spines.
You destroy the small abomination!
Trog accepts your kill.
A small abomination comes into view.
A harpy skeleton comes into view.
You barely miss the small abomination.
You block the small abomination's attack.
You mangle the small abomination!!
The small abomination is severely damaged.
The small abomination hits you but does no damage.
You claw the small abomination!
The small abomination is almost destroyed.
You block the small abomination's attack.
The small abomination is struck by your spines.
You destroy the small abomination!
Trog accepts your kill. The harpy skeleton claws you.
* * * LOW HITPOINT WARNING * * *
A demonic guardian appears!
You block the harpy skeleton's attack. x3
The harpy skeleton barely misses you.
The harpy skeleton claws you but does no damage.
You mangle the harpy skeleton!!
The harpy skeleton is heavily damaged.
The harpy skeleton claws you.
* * * LOW HITPOINT WARNING * * *
The harpy skeleton claws you but does no damage.
The harpy skeleton is struck by your spines.
The harpy skeleton barely misses you. The harpy skeleton claws you.
You die...

.# . #.# #
#.# ## #.#
#.# #.### #
#.#4#.#..
#Z.......
## #
#########h#
#. .
.........#
. ####
.##########
.†.. .. ..
†. .. .. ..
. .. .. .
.... #....
...... #
#... . . .#
.. ..


You could see a harpy skeleton (ally target) and a friendly orange demon
(summoned).

Vanquished Creatures
  Erica (D:8)
  A dancing weapon (D:13)
  The ghost of Joey1 the Severer, a novice MiBe of Trog (D:9)
  The ghost of IdlyInterested the Cutter, a novice DsMo of Hepliaklqana (D:7)
  2 large abominations (Abyss:2)
  A kobold demonologist (D:7)
  2 ancient zymes (Abyss:2)
  A troll (D:9)
  Prince Ribbit (D:7)
  2 starcursed masses (Abyss:2)
  A hornet (D:9)
  A harpy skeleton (Abyss:2)
  2 raiju (Gauntlet)
  Sigmund (D:4)
  A shadow (D:10)
  A wyvern (D:7)
  A vampire (D:9)
  Eustachio (D:4)
  A steam dragon (D:7)
  2 small abominations (Abyss:2)
  2 ice beasts
  4 orc warriors
  3 sky beasts
  2 black bears
  An ogre (D:5)
  3 wolves (D:9)
  A phantom (D:5)
  3 centaurs
  4 kobold brigands (D:7)
  A bullfrog (D:6)
  4 scorpions
  4 wights (D:9)
  11 killer bees
  3 howler monkeys
  A jelly (D:6)
  A quasit (D:4)
  9 orc priests
  4 hounds
  2 gnoll boudas
  Natasha (D:2)
  2 iguanas (D:5)
  7 orc wizards
  3 sleepcaps
  A lightning spire (Gauntlet)
  8 adders
  8 gnolls
  6 shadow imps
  3 white imps
  An ufetubus (D:4)
  A worm (D:3)
  A dart slug (D:3)
  21 orcs
  8 endoplasms
  4 giant cockroaches
  3 goblins
  6 hobgoblins
  3 jackals (D:1)
  5 kobolds
  6 ball pythons
  6 bats
  5 frilled lizards
  4 rats
201 creatures vanquished.

Vanquished Creatures (collateral kills)
  A dancing weapon (D:13)
  Pikel (D:6)
  A troll (D:13)
  A starcursed mass (Abyss:2)
  4 raiju (Abyss:2)
  A wyvern (D:9)
  Grum (D:9)
  2 centaurs
  A wolf (D:9)
  A lemure (D:6)
  3 kobold brigands (D:7)
  2 orc priests
  A hound (D:5)
  Natasha (twice) (D:2)
  A lightning spire (Gauntlet)
  A shadow imp (D:4)
  A worm (D:3)
  A dart slug (D:1)
  An orc (D:5)
  An endoplasm (D:1)
  A hobgoblin (D:1)
  A jackal (D:1)
30 creatures vanquished.

Grand Total: 231 creatures vanquished

Notes
Turn   | Place    | Note
-------+----------+-------------------------------------------
     0 | D:1      | IdlyInterested the Demonspawn Wanderer began the quest for
                  | the Orb.
     0 | D:1      | IdlyInterested set off with the following items: a +0 club,
                  | a potion of haste, a +0 scale mail; and the following
                  | spells available to memorise: Summon Small Mammal, Shock,
                  | Static Discharge, Summon Guardian Golem, Airstrike.
     0 | D:1      | Reached XP level 1. HP: 16/16 MP: 2/2
   219 | D:1      | Found a faded altar of an unknown god.
   353 | D:1      | Gained mutation: A weak demonic guardian rushes to your
                  | aid. [demonic ancestry]
   353 | D:1      | Reached XP level 2. HP: 22/22 MP: 3/3
   356 | D:1      | Reached skill level 1 in Dodging
  1247 | D:2      | Noticed Natasha
  1260 | D:2      | Killed Natasha
  1261 | D:2      | Gained mutation: A demonic guardian rushes to your aid.
                  | [demonic ancestry]
  1261 | D:2      | Reached XP level 3. HP: 5/28 MP: 4/4
  1549 | D:2      | Noticed Natasha
  1561 | D:2      | Killed Natasha
  1562 | D:2      | Gained mutation: You are partially covered in sharp spines.
                  | [demonic ancestry]
  1562 | D:2      | Reached XP level 4. HP: 22/35 MP: 5/5
  1722 | D:2      | Noticed Natasha
  1733 | D:2      | Killed Natasha
  1734 | D:2      | Reached skill level 1 in Throwing
  2379 | D:3      | Gained mutation: When seriously injured, your blood forms
                  | armour. (AC +9) [demonic ancestry]
  2379 | D:3      | Reached XP level 5. HP: 35/42 MP: 6/6
  2586 | D:3      | Reached skill level 1 in Stealth
  2907 | D:3      | Found a radiant altar of Vehumet.
  3095 | D:4      | Found an iron altar of Okawaru.
  3116 | D:4      | Noticed Sigmund
  3132 | D:4      | Killed Sigmund
  3133 | D:4      | Reached skill level 5 in Fighting
  3133 | D:4      | Gained mutation: You have sharp fingernails. [demonic
                  | ancestry]
  3133 | D:4      | Reached XP level 6. HP: 25/51 MP: 7/7
  3234 | D:4      | Found a transporter.
  3504 | D:4      | Reached skill level 1 in Unarmed Combat
  3543 | D:4      | Gained mutation: When seriously injured, your blood forms
                  | thick armour. (AC +9) [demonic ancestry]
  3543 | D:4      | Reached XP level 7. HP: 53/57 MP: 9/9
  3563 | D:4      | Found a sparkling altar of Nemelex Xobeh.
  3633 | D:4      | Found a bloodstained altar of Trog.
  3760 | D:4      | Noticed Eustachio
  3775 | D:4      | Killed Eustachio
  3776 | D:4      | Reached skill level 2 in Unarmed Combat
  3986 | D:4      | Found a transporter.
  4216 | D:4      | Reached skill level 1 in Shapeshifting
  4341 | D:5      | Entered Level 5 of the Dungeon
  4483 | D:4      | Became a worshipper of Trog the Wrathful
  4540 | D:5      | Found a shadowy altar of Dithmenos.
  4545 | D:5      | Reached skill level 1 in Evocations
  4642 | D:5      | Reached skill level 3 in Unarmed Combat
  4649 | D:5      | Reached XP level 8. HP: 50/64 MP: 11/11
  4661 | D:5      | Found a staircase to the Ecumenical Temple.
  4686 | Temple   | Entered the Ecumenical Temple
  4888 | D:5      | Reached skill level 1 in Shields
  4893 | D:5      | Reached * piety under Trog
  5172 | D:5      | Reached skill level 4 in Unarmed Combat
  5451 | D:5      | Found Pamam's General Store.
  5462 | D:5      | Bought a throwing net for 36 gold pieces
  5462 | D:5      | Bought a potion of heal wounds for 60 gold pieces
  5462 | D:5      | Bought a scroll of teleportation for 36 gold pieces
  5462 | D:5      | Bought a wand of iceblast (5) for 144 gold pieces
  5576 | D:6      | Noticed Pikel
  5589 | D:6      | Killed Pikel
  5590 | D:6      | Reached skill level 5 in Unarmed Combat
  5590 | D:6      | Reached skill level 5 in Shapeshifting
  5590 | D:6      | Reached XP level 9. HP: 25/69 MP: 12/12
  5730 | D:6      | Found a shimmering altar of Xom.
  5866 | D:6      | Found a shimmering altar of Xom.
  5867 | D:6      | Found a shimmering altar of Xom.
  5869 | D:6      | Found a shimmering altar of Xom.
  5870 | D:6      | Found a shimmering altar of Xom.
  6008 | D:6      | Found Esoxonou's Armour Shoppe.
  6222 | D:6      | Found a hide-covered altar of Uskayaw.
  6385 | D:6      | Found a sacrificial altar of Ru.
  6626 | D:7      | Found a runed translucent gate.
  6709 | D:7      | Noticed Prince Ribbit
  6724 | D:7      | Killed Prince Ribbit
  6893 | D:7      | Found a runed translucent gate.
  6893 | D:7      | Found a runed translucent gate.
  6894 | D:7      | Noticed IdlyInterested's ghost (novice DsMo)
  6897 | D:7      | Noticed a kobold demonologist
  7356 | D:7      | Reached skill level 6 in Unarmed Combat
  7815 | D:7      | Killed a kobold demonologist
  7816 | D:7      | Reached XP level 10. HP: 76/76 MP: 13/13
  7822 | D:7      | Paralysed by a kobold brigand for 4 turns
  7854 | D:7      | Killed IdlyInterested's ghost
  7854 | D:7      | Reached ** piety under Trog
  7855 | D:7      | Reached skill level 7 in Unarmed Combat
  8336 | D:8      | Found a hazy altar of Hepliaklqana.
  8337 | D:8      | Noticed Erica
  8353 | D:8      | Killed Erica
  8354 | D:8      | Reached skill level 8 in Unarmed Combat
  9211 | D:8      | Found Vutz's Antique Armour Shoppe.
  9381 | D:9      | Found a staircase to the Orcish Mines.
  9382 | D:9      | Found Noisunus's Weapon Shop.
  9553 | D:9      | Reached skill level 9 in Unarmed Combat
  9603 | D:9      | Identified a scroll of acquirement
  9603 | D:9      | Acquired a manual of Throwing
  9654 | D:9      | Noticed Grum
  9665 | D:9      | Killed Grum
  9837 | D:9      | Found a runed translucent door.
  9853 | D:9      | Noticed Joey1's ghost (novice MiBe)
 10060 | D:9      | Gained mutation: You are mostly covered in sharp spines.
                  | [demonic ancestry]
 10060 | D:9      | Reached XP level 11. HP: 81/81 MP: 14/14
 10532 | D:9      | Killed Joey1's ghost
 10533 | D:9      | Reached skill level 10 in Unarmed Combat
 10693 | D:10     | Entered Level 10 of the Dungeon
 10907 | D:10     | Found a stormy altar of Qazlal.
 11050 | D:10     | You fall into a shaft and drop 3 floors!
 11106 | D:13     | Noticed a +4 long sword
 11116 | D:13     | Killed a +4 long sword
 11116 | D:13     | Reached *** piety under Trog
 11117 | D:13     | Found a gate to the Vaults.
 11117 | D:13     | Noticed a +5 long sword
 11136 | D:13     | Killed a +5 long sword
 11217 | D:13     | Found a gate leading to a gauntlet.
 11228 | Gauntlet | Entered a Gauntlet
 11228 | Gauntlet | Found a transporter.
 11231 | Gauntlet | Found a transporter.
 11233 | Gauntlet | Found a transporter.
 11234 | Gauntlet | Found the +8 autumn katana {manifold assault}
 11236 | Gauntlet | Found a transporter.
 11237 | Gauntlet | Found a transporter.
 11241 | Gauntlet | Noticed a wizard
 11245 | Gauntlet | Found a transporter.
 11246 | Gauntlet | Found a transporter.
 11248 | Gauntlet | Noticed a wizard
 11315 | Gauntlet | Noticed a balrug
 11318 | Gauntlet | Found a transporter.
 11319 | Gauntlet | Found a transporter.
 11320 | Gauntlet | Found a transporter.
 11323 | Gauntlet | Found a transporter.
 11341 | Gauntlet | Found a transporter.
 11353 | Gauntlet | Noticed a death yak
 11353 | Gauntlet | Noticed a death yak
 11353 | Gauntlet | Noticed a death yak
 11354 | Gauntlet | Noticed a death yak
 11354 | Gauntlet | Noticed a death yak
 11633 | Abyss:2  | Cast into level 2 of the Abyss (a wizard)
 11724 | Abyss:2  | Reached skill level 11 in Unarmed Combat
 11728 | Abyss:2  | Noticed a starcursed mass
 11734 | Abyss:2  | Paralysed by accursed screaming for 1 turns
 11743 | Abyss:2  | Killed a starcursed mass
 11746 | Abyss:2  | Killed a starcursed mass
 11750 | Abyss:2  | Killed a starcursed mass
 11800 | Abyss:2  | HP: 2/86 [harpy skeleton (3)]
 11800 | Abyss:2  | Slain by a harpy skeleton

Illustrated notes

Levels and vault maps discovered:
D:1:      matt_arrival_diagonals, layout_basic,
          hellmonk_ecumenical_altar_zigzags
D:2:      layout_basic, fountainhead, uniq_natasha
D:3:      layout_rooms, lemuel_tele_altar
D:4:      gammafunk_wand_slinger, layout_gridville, nemelex_dance_club_becter,
          old_standard_altar, mainiacjoe_overflow_24_doors, serial_demonic,
          serial_demonic_a, serial_demonic_f, serial_demonic_f,
          serial_demonic_f, serial_demonic_c, serial_demonic_e, minmay_unequal,
          uniq_eustachio, uniq_sigmund
D:5:      layout_cave_pools, old_standard_altar, minmay_temple_entry_glass,
          serial_shops, shop
D:6:      layout_cave_pools, hangedman_ru_absence, nicolae_uskayaw_suspiria,
          xom_redecorated, serial_shops, shop_coins, uniq_pikel
D:7:      layout_basic, gammafunk_ghost_nasty_kobolds, serial_park_tiny_2,
          uniq_prince_ribbit1
D:8:      layout_loops_ring, mainiacjoe_overflow_boulevard, serial_shops, shop,
          patterned_corridor, uniq_erica
D:9:      layout_loops_ring, orc_david_3, hellmonk_ghost_happy_afterlife,
          uniq_grum
D:10:     gammafunk_indiana_jones, layout_rooms,
          mainiacjoe_overflow_surrounded_room, nicolae_qazlal_general_emergency,
          mainiacjoe_overflow_alcove_4, nicolae_trove_entry_columns, uniq_maggie
D:13:     layout_roguey, erik_vaults_1, gauntlet_entry_generic
Temple:   cyrus_temple_forest
Abyss:2:  base: D:7, evilmike_abyss_exit_chaos
Gauntlet: minmay_gauntlet_mixed_oops_all_seconds
          [minmay_gauntlet_arena_77_two_paths, gammafunk_gauntlet_arena_spirals,
          minmay_gauntlet_arena_77_mess, nicolae_gauntlet_arena_t_cross,
          minmay_gauntlet_arena_77_radiant_squares,
          gammafunk_gauntlet_arena_arrow_garden, gauntlet_exit_green]

Skill      XL: |  1  2  3  4  5  6  7  8  9 10 11 |
---------------+----------------------------------+-----
Armour         | 2 3 |  3.0
Dodging        | 2 3 |  3.0
Fighting       | 3 5 6 8 |  8.0
Throwing       | 1 2 3 |  3.0
Stealth        | 2 3 |  3.0
Unarmed Combat | 1 3 5 6 9 11 | 11.6
Spellcasting   | 2 |  2.0
Shapeshifting  | 2 5 7 |  7.1
Evocations     | 2 3 |  3.0
Shields        | 3 |  3.0
Summonings     | |  2.0
Air Magic      | |  2.6

Action                     |  1- 3 |  4- 6 |  7- 9 | 10-12 || total
---------------------------+-------+-------+-------+-------++-------
  Melee: Club              |    82 |       |       |       ||    82
         Staff             |    13 |       |       |       ||    13
         Spear             |    36 |   166 |    41 |       ||   243
         Punch             |       |     4 |     2 |       ||     6
         Unarmed           |       |       |   234 |   291 ||   525
  Throw: Stone             |       |     5 |    12 |     3 ||    20
         Throwing net      |       |       |     1 |       ||     1
         Dart              |       |       |     5 |     1 ||     6
 Invoke: Berserk           |       |       |     1 |     3 ||     4
         Trog's Hand       |       |       |       |     3 ||     3
    Use: Scroll            |       |    12 |     4 |     3 ||    19
         Potion            |       |     3 |     3 |     2 ||     8
   Stab: Held in net/web   |       |       |     1 |       ||     1
         Distracted        |       |       |       |     2 ||     2
 Armour: Scale mail        |   123 |   103 |     6 |       ||   232
         Leather armour    |       |       |    43 |       ||    43
         Ring mail         |       |       |   120 |   110 ||   230
         Plate armour      |       |       |       |    75 ||    75
  Dodge: Dodged            |    76 |    76 |    73 |    66 ||   291
  Block: Other             |    12 |    45 |    25 |       ||    82
         Reflection        |       |     2 |     1 |     7 ||    10
         Kite shield       |       |       |   118 |   188 ||   306
   Form: Beast             |     1 |       |       |       ||     1

Table legend: (Time is in decaauts)
 A = Elapsed time spent in this place.
 B = Non-inter-level travel time spent in this place.
 C = Inter-level travel time spent in this place.
 D = Time resting spent in this place.
 E = Time spent auto-exploring this place.
 F = Levels seen in this place.
 G = Mean time per level.
                   A        B        C        D        E       F      G
               +--------+--------+--------+--------+--------+-----+--------+
         Total |  11913 |  10207 |   1706 |   1265 |   6059 |  14 |  850.9 |
       Dungeon |  11255 |   9628 |   1627 |   1118 |   5958 |  11 | 1023.2 |
        Temple |     80 |      1 |     79 |      0 |      0 |   1 |   80.0 |
         Abyss |    173 |    173 |      0 |      0 |    101 |   1 |  173.0 |
      Gauntlet |    403 |    403 |      0 |    147 |      0 |   1 |  403.0 |
               +--------+--------+--------+--------+--------+-----+--------+

Top non-repeatable levels by time:
     D:7: 1779 daAuts
     D:4: 1495 daAuts
     D:1: 1440 daAuts
     D:9: 1259 daAuts
     D:8: 1198 daAuts
     D:2: 1013 daAuts
     D:5: 994 daAuts
     D:6: 915 daAuts
     D:3: 673 daAuts
Gauntlet: 403 daAuts
    D:10: 309 daAuts
    D:13: 176 daAuts
 Abyss:2: 173 daAuts
  Temple: 80 daAuts
